AoeStats
← mussmaxx

Arena

505193169Analyzed
1v1 RM · 22d ago on Sep 8, 2026· 49m 54s· 2 players
Game mode
Random Map
Map size
Tiny (2 player)
Population
200
Speed
Normal
Resources
Standard
Victory
Conquest
Starting age
Dark Age
Ending age
Imperial Age
RankedLock teamsTeams togetherTeam positionsShared explorationLock speedFull tech treeHidden civsTurbo modeCheats
Victory
Defeat
🇨🇴 Mapuche · Colombia
1118
+16
🇫🇷 Goths · France
1109
-16
mussmaxx
0:48 Loom
11:12 Feudal Age
11:47 Double-Bit Axe
11:44 Horse Collar
11:57 Gold Mining
18:51 Castle Age
18:15 Scale Mail Armor
18:46 Stone Mining
19:10 Forging
19:50 Heavy Plow
20:04 Bow Saw
21:20 Bloodlines
23:04 Fervor
24:31 Wheelbarrow
25:24 Stone Shaft Mining
25:37 Husbandry
25:54 Scale Barding Armor
26:05 Light Cavalry
27:06 Hand Cart
26:37 Town Watch
28:45 Squires
32:15 Imperial Age
30:17 Masonry
31:01 Anarchy
32:30 Ballistics
32:24 Elite Skirmisher
33:57 Conscription
33:11 Cavalier
35:36 Iron Casting
35:17 Chain Mail Armor
34:52 Fletching
35:24 Chain Barding Armor
34:56 Capped Ram
36:13 Architecture
35:39 Murder Holes
36:36 Perfusion
37:00 Elite Huskarl
38:04 Pikeman
44:17 Halberdier
47:40 Blast Furnace
abdalayaralamedicina
11:00 Feudal Age
15:27 Castle Age
13:40 Double-Bit Axe
13:56 Horse Collar
21:36 Loom
21:39 Town Watch
24:10 Wheelbarrow
24:16 Bow Saw
25:46 Hand Cart
26:43 Heavy Plow
27:14 Gold Mining
27:15 Stone Mining
27:44 Treadmill Crane
31:21 Imperial Age
30:04 Stone Shaft Mining
30:05 Gold Shaft Mining
29:26 Fletching
29:36 Padded Archer Armor
29:47 Forging
29:38 Scale Mail Armor
30:06 Ballistics
30:04 Murder Holes
30:57 Pikeman
32:18 Iron Casting
31:39 Bodkin Arrow
31:59 Leather Archer Armor
32:35 Conscription
32:34 Chain Mail Armor
32:37 Halberdier
33:27 Malon
34:45 Chemistry
35:02 Crop Rotation
34:37 Arson
35:31 Siege Engineers
36:46 Ring Archer Armor
37:55 Blast Furnace
38:35 Butalmapu
39:33 Plate Mail Armor
40:09 Elite Kona
41:25 Hoardings
43:50 Elite Skirmisher
Connection lost

Rejoining the realm…

Still unreachable

The connection could not be restored.

Session expired

The server has moved on; the page needs a fresh start.